[Event "Ste-Foy 3 2024-25"]
[Site "Sainte-Foy CAN"]
[Date "2025.01.13"]
[Round "1"]
[White "Bergeron, Cedric"]
[Black "Tremblay, Noah"]
[Result "0-1"]
[ECO "C58"]
[WhiteElo "1160"]
[BlackElo "1566"]
[WhiteFideId "-1"]
[WhiteFideId "-1"]
[PlyCount "112"]
[GameId "2134658311271977"]
[EventDate "2025.01.13"]
[EventType "swiss"]
[EventRounds "5"]
[EventCountry "CAN"]
[TimeControl "5400+30"]

1. e4 e5 2. Nf3 Nc6 3. Bc4 Nf6 4. Ng5 d5 5. exd5 Na5 6. Bb5+ Bd7 7. Qe2 Be7 8. Bxd7+ Qxd7 9. Qxe5 Nxd5 10. d3 f6 11. Qg3 fxg5 12. Bxg5 Qe6+ 13. Be3 Nxe3 14. fxe3 O-O-O 15. Qh3 Qxh3 16. gxh3 Rhe8 17. Nd2 Bg5 18. e4 Bxd2+ 19. Kxd2 Rxe4 20. Kc3 Re2 21. b4 Nc6 22. d4 Nxd4 23. Rac1 Nf5 24. Rhe1 Rxh2 25. Kb2 Rdd2 26. a4 Nd4 27. b5 Rxc2+ 28. Rxc2 Rxc2+ 29. Ka3 Rh2 30. Re7 Rxh3+ 31. Kb4 Nf5 32. Rf7 Rh4+ 33. Kc5 g6 34. Kd5 Kd8 35. Ke6 Re4+ 36. Kf6 Re7 37. Rf8+ Kd7 38. Kg5 c5 39. bxc6+ bxc6 40. a5 c5 41. a6 c4 42. Rb8 c3 43. Rb1 c2 44. Rc1 Nd4 45. Kh6 Re2 46. Kxh7 Rd2 47. Rf1 Rd1 48. Rf7+ Kc6 49. Rf6+ Kb5 50. Rxg6 c1=Q 51. Kg7 Rg1 52. Rxg1 Qxg1+ 53. Kf6 Qe3 54. Kf7 Qe6+ 55. Kf8 Qd7 56. Kg8 Ne6 0-1

[Event "Ste-Foy 3 2024-25"]
[Site "Sainte-Foy CAN"]
[Date "2025.01.13"]
[Round "1"]
[White "Boudreault, Alexandre"]
[Black "Gagnon, Antoine"]
[Result "0-1"]
[ECO "B15"]
[WhiteElo "1145"]
[BlackElo "1672"]
[WhiteFideId "-1"]
[WhiteFideId "-1"]
[PlyCount "96"]
[GameId "2134658311271975"]
[EventDate "2025.01.13"]
[EventType "swiss"]
[EventRounds "5"]
[EventCountry "CAN"]
[TimeControl "5400+30"]

1. e4 c6 2. d4 d5 3. Nc3 a6 4. Nf3 Bg4 5. h3 Bxf3 6. Qxf3 e6 7. Bd3 Nf6 8. O-O Be7 9. Ne2 c5 10. c3 Nc6 11. Be3 Qb6 12. Rab1 Rd8 13. e5 Nd7 14. Qg3 g6 15. Bf4 a5 16. a3 a4 17. Bc2 Qb5 18. Rfd1 Qxe2 19. Bxa4 Qa6 20. Bc2 cxd4 21. cxd4 Nb6 22. Bb3 Na5 23. Ba2 Nbc4 24. Bh6 Bf8 25. Bg5 Rc8 26. Rd3 h6 27. Bf6 Rg8 28. b4 Nc6 29. b5 Qa4 30. bxc6 Qc2 31. cxb7 Rb8 32. a4 Qxa2 33. Rb5 Qxa4 34. Rdb3 Qa1+ 35. Kh2 Qxd4 36. Rd3 Qa7 37. Rdb3 Bc5 38. f4 Kd7 39. Qd3 Bb6 40. R3b4 Rxb7 41. Qb3 Bg1+ 42. Kh1 Rxb5 43. Rxb5 Bb6 44. Qb4 Qa1+ 45. Kh2 Qg1+ 46. Kg3 Qf2+ 47. Kg4 Qxg2+ 48. Kh4 Bf2# 0-1

[Event "Ste-Foy 3 2024-25"]
[Site "Sainte-Foy CAN"]
[Date "2025.01.13"]
[Round "1"]
[White "Cantin, Guillaume"]
[Black "Wafer, Jacques"]
[Result "1-0"]
[ECO "E46"]
[WhiteElo "1109"]
[BlackElo "1462"]
[WhiteFideId "-1"]
[WhiteFideId "-1"]
[PlyCount "45"]
[GameId "2134658311276074"]
[EventDate "2025.01.13"]
[EventType "swiss"]
[EventRounds "5"]
[EventCountry "CAN"]
[TimeControl "5400+30"]

1. d4 Nf6 2. c4 e6 3. Nc3 Bb4 4. e3 O-O 5. Bd2 Bxc3 6. Bxc3 d5 7. cxd5 exd5 8. Bd3 Ne4 9. Ne2 Re8 10. O-O Nc6 11. Qc2 Re6 12. Ng3 Nxg3 13. fxg3 g6 14. e4 dxe4 15. Bxe4 Nxd4 16. Rad1 Rd6 17. Bxd4 Rxd4 18. Qb3 Be6 19. Qf3 c6 20. Rxd4 Qxd4+ 21. Rf2 Bxa2 22. b3 Re8 23. Qxf7+ 1-0

[Event "Ste-Foy 3 2024-25"]
[Site "Sainte-Foy CAN"]
[Date "2025.01.13"]
[Round "1"]
[White "Larouche, Pierre"]
[Black "Miranda, Carlos"]
[Result "0-1"]
[ECO "C00"]
[WhiteElo "996"]
[BlackElo "1553"]
[WhiteFideId "-1"]
[WhiteFideId "-1"]
[PlyCount "54"]
[GameId "2134658311276075"]
[EventDate "2025.01.13"]
[EventType "swiss"]
[EventRounds "5"]
[EventCountry "CAN"]
[TimeControl "5400+30"]

1. e4 e6 2. Nf3 d5 3. Nc3 d4 4. Nb5 c5 5. c4 b6 6. Na3 Nc6 7. Nc2 d3 8. Ne3 e5 9. Qa4 Bd7 10. Bxd3 Nb4 11. Qb3 a5 12. Nxe5 a4 13. Qd1 f6 14. O-O fxe5 15. Qe2 Nf6 16. h3 Nxd3 17. Qxd3 Be7 18. Qc3 Qc7 19. d3 O-O 20. Nd5 Nxd5 21. cxd5 b5 22. a3 Rac8 23. Be3 c4 24. d4 Bd6 25. g3 Bxh3 26. Rfe1 Rf3 27. Qc1 exd4 0-1

[Event "Ste-Foy 3 2024-25"]
[Site "Sainte-Foy CAN"]
[Date "2025.01.13"]
[Round "1"]
[White "Poitras, Marc"]
[Black "Soubeyrand, Maxence"]
[Result "1-0"]
[ECO "D10"]
[WhiteElo "1347"]
[BlackElo "1044"]
[WhiteFideId "-1"]
[WhiteFideId "-1"]
[PlyCount "81"]
[GameId "2134658311276076"]
[EventDate "2025.01.13"]
[EventType "swiss"]
[EventRounds "5"]
[EventCountry "CAN"]
[TimeControl "5400+30"]

1. d4 d5 2. c4 c6 3. Nc3 Nf6 4. Bg5 Nbd7 5. Nf3 g6 6. Qd2 h6 7. Bh4 Bg7 8. cxd5 cxd5 9. e3 O-O 10. Bd3 Qc7 11. Nb5 Qb6 12. Bg3 Nh5 13. Nc7 Nxg3 14. Nxa8 Qd8 15. hxg3 e5 16. dxe5 Nxe5 17. Nxe5 Bxe5 18. e4 h5 19. Rc1 Be6 20. exd5 Bxd5 21. Rxh5 gxh5 22. Qh6 Re8 23. Bh7+ Kh8 24. Kf1 Qf6 25. Qxh5 Bxg3 26. Be4+ Kg8 27. Qg4+ Kf8 28. Qxg3 Rxe4 29. Rc8+ Re8 30. Qa3+ Qe7 31. Qxe7+ Kxe7 32. Rxe8+ Kxe8 33. Nc7+ Kd7 34. Nxd5 Kd6 35. Ne3 Kc5 36. Ke2 Kd4 37. Nf5+ Kd5 38. Ke3 Ke5 39. g4 b5 40. f4+ Ke6 41. Nd4+ 1-0

[Event "Ste-Foy 3 2024-25"]
[Site "Sainte-Foy CAN"]
[Date "2025.01.13"]
[Round "1"]
[White "Shi, Evan"]
[Black "Soucy, Mathieu"]
[Result "1-0"]
[ECO "E81"]
[WhiteElo "1787"]
[BlackElo "1290"]
[WhiteFideId "-1"]
[WhiteFideId "-1"]
[PlyCount "77"]
[GameId "2134658311263782"]
[EventDate "2025.01.13"]
[EventType "swiss"]
[EventRounds "5"]
[EventCountry "CAN"]
[TimeControl "5400+30"]

1. c4 Nf6 2. Nc3 g6 3. d4 Bg7 4. e4 d6 5. f3 O-O 6. Be3 Nbd7 7. Qd2 c5 8. g4 cxd4 9. Bxd4 Nc5 10. e5 Nfd7 11. exd6 e5 12. Be3 Qh4+ 13. Bf2 Qf6 14. Nd5 Qxd6 15. g5 Na4 16. Nf6+ Qxf6 17. gxf6 Bxf6 18. Qb4 Ndb6 19. Bxb6 axb6 20. h4 Bf5 21. Ne2 e4 22. Nc3 Nxc3 23. bxc3 exf3 24. Kf2 Rfe8 25. a4 Rad8 26. Qb2 Rd7 27. Re1 Red8 28. Kxf3 h5 29. Re3 Rd2 30. Qb5 Bd7 31. Qxb6 Bc6+ 32. Kg3 Bg7 33. Rh2 Rd1 34. Rf2 Bf8 35. c5 R8d5 36. Qc7 Rd7 37. Qf4 Bxc5 38. Re8+ Kg7 39. Qf6+ 1-0

[Event "Ste-Foy 3 2024-25"]
[Site "Sainte-Foy CAN"]
[Date "2025.01.13"]
[Round "1"]
[White "Taran, Maksim"]
[Black "Caron-Ouellette, Charles"]
[Result "0-1"]
[ECO "B01"]
[WhiteElo "947"]
[BlackElo "1311"]
[WhiteFideId "-1"]
[WhiteFideId "-1"]
[PlyCount "92"]
[GameId "2134658311276077"]
[EventDate "2025.01.13"]
[EventType "swiss"]
[EventRounds "5"]
[EventCountry "CAN"]
[TimeControl "5400+30"]

1. e4 d5 2. e5 c5 3. Nf3 Bg4 4. h3 Bh5 5. Be2 Nc6 6. c3 e6 7. d4 cxd4 8. cxd4 Bb4+ 9. Bd2 Qb6 10. Bxb4 Qxb4+ 11. Qd2 Bxf3 12. Qxb4 Nxb4 13. Bxf3 Nc2+ 14. Kd2 Nxa1 15. Nc3 Ne7 16. Rxa1 O-O 17. g4 Nc6 18. a3 Nxd4 19. Be2 Nb3+ 20. Ke1 Nxa1 21. b4 Nc2+ 22. Kd1 Nxa3 23. f3 Rfd8 24. Bd3 Nc4 25. Kc2 Nxe5 26. Nb5 Nxd3 27. Kxd3 a6 28. Nc3 Rac8 29. h4 Rc4 30. h5 Rdc8 31. Ne2 Rxb4 32. Ke3 Rb3+ 33. Kf2 Rc2 34. Kf1 Rxf3+ 35. Ke1 e5 36. Kd1 Rxe2 37. Kxe2 Rg3 38. Kf2 Rxg4 39. Kf3 Rf4+ 40. Kg3 d4 41. Kg2 d3 42. Kg1 d2 43. Kh2 d1=Q 44. Kg3 Qf3+ 45. Kh2 Qf2+ 46. Kh1 Rh4# 0-1

[Event "Ste-Foy 3 2024-25"]
[Site "Sainte-Foy CAN"]
[Date "2025.01.13"]
[Round "1"]
[White "Verge, Leo"]
[Black "Vallee, Maxime"]
[Result "1-0"]
[ECO "A07"]
[WhiteElo "1600"]
[BlackElo "1276"]
[WhiteFideId "-1"]
[WhiteFideId "-1"]
[PlyCount "93"]
[GameId "2134658311271976"]
[EventDate "2025.01.13"]
[EventType "swiss"]
[EventRounds "5"]
[EventCountry "CAN"]
[TimeControl "5400+30"]

1. g3 d5 2. d3 e5 3. Bg2 Nf6 4. Nf3 Nc6 5. a3 g6 6. O-O Bg7 7. b4 e4 8. Nfd2 Be6 9. Bb2 O-O 10. dxe4 dxe4 11. Nxe4 Nxe4 12. Qxd8 Raxd8 13. Bxg7 Kxg7 14. Bxe4 Rfe8 15. Nc3 a6 16. Rfd1 Rd6 17. Rxd6 cxd6 18. Rd1 Rc8 19. Rxd6 Nxb4 20. axb4 Rxc3 21. Bxb7 Rxc2 22. Bxa6 Bh3 23. f3 Be6 24. Bd3 Rd2 25. b5 Bc4 26. b6 Bxd3 27. exd3 Rb2 28. Rc6 Kf8 29. d4 Rb5 30. d5 Ke7 31. Rc7+ Kd6 32. Rxf7 Rxb6 33. Rxh7 Kxd5 34. h4 Ke5 35. Rh6 Rb1+ 36. Kg2 Kf5 37. g4+ Kf4 38. Rxg6 Rb2+ 39. Kh3 Kxf3 40. Rf6+ Ke4 41. h5 Ke5 42. Rf1 Rb6 43. g5 Rb3+ 44. Kg4 Rb2 45. Rf3 Rg2+ 46. Rg3 Ke6 47. Rxg2 1-0

[Event "Ste-Foy 3 2024-25"]
[Site "Sainte-Foy CAN"]
[Date "2025.01.20"]
[Round "2"]
[White "Dionne, Frederick"]
[Black "Tremblay, Charles"]
[Result "1/2-1/2"]
[ECO "B22"]
[WhiteElo "1241"]
[BlackElo "1529"]
[WhiteFideId "-1"]
[WhiteFideId "-1"]
[PlyCount "34"]
[GameId "2136898098950242"]
[EventDate "2025.01.13"]
[EventType "swiss"]
[EventRounds "5"]
[EventCountry "CAN"]
[TimeControl "5400+30"]

1. e4 c5 2. d4 cxd4 3. c3 Nc6 4. cxd4 e6 5. Nf3 Bb4+ 6. Nc3 Nge7 7. Qc2 O-O 8. Bd3 d5 9. exd5 Bxc3+ 10. bxc3 Nxd5 11. Bxh7+ Kh8 12. Ba3 Re8 13. h4 Qa5 14. Bb2 e5 15. O-O exd4 16. Nxd4 Nxd4 17. cxd4 Bg4 1/2-1/2

[Event "Ste-Foy 3 2024-25"]
[Site "Sainte-Foy CAN"]
[Date "2025.01.20"]
[Round "2"]
[White "Vallee, Maxime"]
[Black "Larouche, Pierre"]
[Result "1-0"]
[ECO "C21"]
[WhiteElo "1276"]
[BlackElo "996"]
[WhiteFideId "-1"]
[WhiteFideId "-1"]
[PlyCount "35"]
[GameId "2136898098950244"]
[EventDate "2025.01.13"]
[EventType "swiss"]
[EventRounds "5"]
[EventCountry "CAN"]
[TimeControl "5400+30"]

1. e4 e5 2. d4 d5 3. dxe5 dxe4 4. Qxd8+ Kxd8 5. Nc3 Bb4 6. Bd2 Bf5 7. O-O-O Nc6 8. Bh6+ Ke7 9. Nd5+ Kd7 10. Nxb4+ Ke7 11. Nxc6+ bxc6 12. Bxg7 f6 13. Bxh8 Rf8 14. exf6+ Ke8 15. Bc4 Nh6 16. Bg7 Ng4 17. Bxf8 Kxf8 18. Rd8# 1-0

[Event "Ste-Foy 3 2024-25"]
[Site "Sainte-Foy CAN"]
[Date "2025.01.20"]
[Round "2"]
[White "Wafer, Jacques"]
[Black "Soubeyrand, Maxence"]
[Result "1-0"]
[ECO "B10"]
[WhiteElo "1462"]
[BlackElo "1044"]
[WhiteFideId "-1"]
[WhiteFideId "-1"]
[PlyCount "89"]
[GameId "2136898098950243"]
[EventDate "2025.01.13"]
[EventType "swiss"]
[EventRounds "5"]
[EventCountry "CAN"]
[TimeControl "5400+30"]

1. e4 c6 2. Nf3 d5 3. exd5 cxd5 4. c3 Bg4 5. h3 Bxf3 6. Qxf3 Nf6 7. d4 e6 8. Bb5+ Nc6 9. O-O Bd6 10. Bg5 Be7 11. Bxf6 Bxf6 12. Nd2 O-O 13. Rfe1 Qb6 14. Qd3 a6 15. Ba4 Qxb2 16. Reb1 Qa3 17. Bc2 g6 18. Rxb7 Qd6 19. Rb6 a5 20. Ba4 Ne5 21. dxe5 Qxb6 22. exf6 Rfc8 23. Rb1 Qc5 24. Rc1 Ra6 25. Nb3 Qd6 26. Qe3 e5 27. Qg5 Qxf6 28. Qxf6 Rxf6 29. Bb5 d4 30. c4 d3 31. a4 Re6 32. Nxa5 e4 33. Nb3 e3 34. fxe3 Rxe3 35. Rd1 Rd8 36. Nd2 Kf8 37. a5 Re7 38. a6 Ra7 39. Nb3 Ke7 40. Kf2 Rd6 41. Ke3 Re6+ 42. Kxd3 Rd6+ 43. Nd4 Rxd4+ 44. Kxd4 Rd7+ 45. Bxd7 1-0

[Event "Ste-Foy 3 2024-25"]
[Site "Sainte-Foy CAN"]
[Date "2025.01.27"]
[Round "3"]
[White "Couture, Francois"]
[Black "Cantin, Guillaume"]
[Result "1/2-1/2"]
[ECO "D37"]
[WhiteElo "1259"]
[BlackElo "1109"]
[WhiteFideId "-1"]
[WhiteFideId "-1"]
[PlyCount "106"]
[GameId "2142279855272942"]
[EventDate "2025.01.13"]
[EventType "swiss"]
[EventRounds "5"]
[EventCountry "CAN"]
[TimeControl "5400+30"]

1. d4 Nf6 2. c4 e6 3. Nf3 d5 4. Nc3 h6 5. a3 c5 6. Bf4 cxd4 7. Qxd4 Nc6 8. Qd1 Be7 9. e3 O-O 10. Bd3 Bd6 11. Bxd6 Qxd6 12. O-O Rd8 13. Re1 dxc4 14. Bxc4 Qc7 15. Bd3 e5 16. Qc2 Bg4 17. Be2 g6 18. Rac1 Rac8 19. Nh4 Bxe2 20. Rxe2 Ne7 21. h3 g5 22. Nf5 e4 23. Nxh6+ Kg7 24. Ng4 Nxg4 25. hxg4 Rh8 26. g3 Qd6 27. Qa4 Qh6 28. Qd4+ Kf8 29. Qxe4 Rc4 30. Qg2 Rxg4 31. Rcc2 f5 32. f3 Rxg3 33. Qxg3 Qh1+ 34. Kf2 Rh2+ 35. Qxh2 Qxh2+ 36. Ke1 Qg3+ 37. Rf2 Qg1+ 38. Ke2 g4 39. fxg4 Qxg4+ 40. Kd3 Nc6 41. Rf4 Qg6 42. Rcf2 Ke8 43. Rxf5 Ne5+ 44. Ke2 Qa6+ 45. Kd2 Qd3+ 46. Kc1 Nc4 47. Rd5 Qxe3+ 48. Rdd2 Nxd2 49. Rxd2 Kf7 50. Kc2 b5 51. Nxb5 Qe4+ 52. Rd3 Qa4+ 53. Rb3 Qe4+ 1/2-1/2

[Event "Ste-Foy 3 2024-25"]
[Site "Sainte-Foy CAN"]
[Date "2025.01.27"]
[Round "3"]
[White "Miranda, Carlos"]
[Black "Dionne, Frederick"]
[Result "0-1"]
[ECO "C50"]
[WhiteElo "1553"]
[BlackElo "1241"]
[WhiteFideId "-1"]
[WhiteFideId "-1"]
[PlyCount "92"]
[GameId "2142279855272941"]
[EventDate "2025.01.13"]
[EventType "swiss"]
[EventRounds "5"]
[EventCountry "CAN"]
[TimeControl "5400+30"]

1. e4 e5 2. Nf3 Nc6 3. Bc4 f5 4. d3 Nf6 5. Nbd2 Bc5 6. O-O h6 7. Re1 Ng4 8. Re2 Nd4 9. Nxd4 Bxd4 10. c3 Qh4 11. Nf3 Bxf2+ 12. Kh1 Qh5 13. Qf1 Bg3 14. h3 fxe4 15. dxe4 Rf8 16. Re3 Nxe3 17. Bxe3 g5 18. Qe2 g4 19. Nh2 Bxh2 20. Kxh2 g3+ 21. Kxg3 Qg6+ 22. Qg4 Qxg4+ 23. hxg4 Rf6 24. Rh1 d6 25. Rxh6 Rxh6 26. Bxh6 Ke7 27. g5 Be6 28. Bxe6 Kxe6 29. Bg7 d5 30. Kf3 c6 31. a4 Rg8 32. Bf6 d4 33. cxd4 exd4 34. b4 b6 35. Bxd4 Rxg5 36. a5 bxa5 37. Bxa7 axb4 38. g3 b3 39. Bd4 Rb5 40. Bb2 c5 41. Ke3 Ra5 42. Kd2 Ra4 43. e5 Rg4 44. Ba3 Rxg3 45. Bxc5 Rg2+ 46. Kc1 Rc2+ 0-1

[Event "Ste-Foy 3 2024-25"]
[Site "Sainte-Foy CAN"]
[Date "2025.01.27"]
[Round "3"]
[White "Pepin, Pierre-Luc"]
[Black "Wafer, Jacques"]
[Result "0-1"]
[ECO "D00"]
[WhiteElo "1138"]
[BlackElo "1462"]
[WhiteFideId "-1"]
[WhiteFideId "-1"]
[PlyCount "50"]
[GameId "2142279855272939"]
[EventDate "2025.01.13"]
[EventType "swiss"]
[EventRounds "5"]
[EventCountry "CAN"]
[TimeControl "5400+30"]

1. d4 Nf6 2. g3 d5 3. Bg2 e6 4. a3 c5 5. e3 Nbd7 6. Nc3 a6 7. Nf3 b5 8. dxc5 Bxc5 9. b4 Bb6 10. Bb2 Bb7 11. O-O Qc7 12. Rb1 O-O 13. Re1 Rfe8 14. Bf1 Qc6 15. Nd4 Bxd4 16. exd4 Nb6 17. Qf3 Re7 18. Bd3 Rae8 19. Ne2 Nc4 20. Bxc4 dxc4 21. Qxc6 Bxc6 22. c3 e5 23. dxe5 Rxe5 24. Kf1 Bd7 25. Nd4 Bh3+ 0-1

[Event "Ste-Foy 3 2024-25"]
[Site "Sainte-Foy CAN"]
[Date "2025.01.27"]
[Round "3"]
[White "Renzo, Alain"]
[Black "Gagnon, Antoine"]
[Result "0-1"]
[ECO "B13"]
[WhiteElo "1272"]
[BlackElo "1672"]
[WhiteFideId "-1"]
[WhiteFideId "-1"]
[PlyCount "72"]
[GameId "2142279855272943"]
[EventDate "2025.01.13"]
[EventType "swiss"]
[EventRounds "5"]
[EventCountry "CAN"]
[TimeControl "5400+30"]

1. e4 c6 2. d4 d5 3. exd5 cxd5 4. Nc3 Nc6 5. Nf3 Bg4 6. Be3 e6 7. a3 Nf6 8. Be2 Be7 9. O-O Rc8 10. b4 Bxf3 11. Bxf3 Nxb4 12. Qd2 Nc6 13. Be2 O-O 14. Rfb1 Qd7 15. Bb5 a6 16. Bd3 b5 17. a4 b4 18. Ne2 a5 19. Bb5 Ne4 20. Qd3 Qa7 21. Rc1 Rc7 22. c4 bxc3 23. Nxc3 Nb4 24. Qe2 Nxc3 25. Qg4 Nxb5 26. Bh6 Rxc1+ 27. Rxc1 Qxd4 28. Qe2 Nc3 29. Qb2 gxh6 30. Qxc3 Qxc3 31. Rxc3 d4 32. Rc7 Bg5 33. Rc5 d3 34. Kf1 Nc2 35. Rxa5 Nd4 36. Rc5 d2 0-1

[Event "Ste-Foy 3 2024-25"]
[Site "Sainte-Foy CAN"]
[Date "2025.01.27"]
[Round "3"]
[White "Soubeyrand, Maxence"]
[Black "Bergeron, Cedric"]
[Result "0-1"]
[ECO "D00"]
[WhiteElo "1044"]
[BlackElo "1160"]
[WhiteFideId "-1"]
[WhiteFideId "-1"]
[PlyCount "68"]
[GameId "2142279855272934"]
[EventDate "2025.01.13"]
[EventType "swiss"]
[EventRounds "5"]
[EventCountry "CAN"]
[TimeControl "5400+30"]

1. d4 d5 2. Bf4 Nf6 3. e3 Nc6 4. c4 Bf5 5. Qb3 Rb8 6. cxd5 Nxd5 7. Bg3 Ndb4 8. Na3 e6 9. Nf3 a6 10. Be2 Na5 11. Qa4+ Nbc6 12. Ne5 b5 13. Nxc6 Nxc6 14. Qxa6 Rb6 15. Qxb6 cxb6 16. Bxb5 Bb4+ 17. Ke2 Be4 18. Rac1 Qa8 19. Rc4 Bxa3 20. bxa3 O-O 21. Rhc1 Qxa3 22. Bxc6 Qd3+ 23. Ke1 Bxc6 24. Rxc6 Qa6 25. R1c2 h6 26. Rb2 Qa5+ 27. Ke2 b5 28. Rc5 Qa6 29. Rcxb5 Rd8 30. Kd2 f6 31. Rb8 Rxb8 32. Bxb8 Qa3 33. Kc2 Qa4+ 34. Kb1 Qd1# 0-1

[Event "Ste-Foy 3 2024-25"]
[Site "Sainte-Foy CAN"]
[Date "2025.01.27"]
[Round "3"]
[White "Soucy, Mathieu"]
[Black "Boudreault, Alexandre"]
[Result "1/2-1/2"]
[ECO "C56"]
[WhiteElo "1290"]
[BlackElo "1145"]
[WhiteFideId "-1"]
[WhiteFideId "-1"]
[PlyCount "98"]
[GameId "2142279855272935"]
[EventDate "2025.01.13"]
[EventType "swiss"]
[EventRounds "5"]
[EventCountry "CAN"]
[TimeControl "5400+30"]

1. e4 e5 2. Nf3 Nc6 3. d4 exd4 4. Bc4 Nf6 5. Ng5 d5 6. exd5 Na5 7. Qxd4 Nxc4 8. Qxc4 Qxd5 9. Qxc7 Bd6 10. Qc3 Qxg2 11. Qf3 Qxf3 12. Nxf3 Bf5 13. Nd4 Bg6 14. Nc3 Rc8 15. Be3 O-O 16. O-O-O Bb4 17. Ndb5 Bxc3 18. Nxc3 Ne4 19. Bd4 Rfe8 20. f3 Nxc3 21. Bxc3 f6 22. Rhe1 Rc7 23. Rxe8+ Bxe8 24. Rd8 Kf7 25. Bd4 a6 26. Kd2 Rd7 27. Rxd7+ Bxd7 28. b3 Kg6 29. a4 Kg5 30. Ke2 Bf5 31. c4 Bc2 32. b4 Bxa4 33. Kf2 Kf5 34. Ke3 Ke6 35. f4 g6 36. h4 h5 37. c5 f5 38. Kd3 Kd5 39. Bc3 Bb5+ 40. Ke3 Kc4 41. Bd2 a5 42. c6 Bxc6 43. bxa5 Kb3 44. Kd4 Kc2 45. Be1 Kd1 46. Bb4 Ke2 47. Ke5 Kf3 48. Be1 Ke3 49. Bb4 Kf3 1/2-1/2

[Event "Ste-Foy 3 2024-25"]
[Site "Sainte-Foy CAN"]
[Date "2025.01.27"]
[Round "3"]
[White "Tremblay, Charles"]
[Black "Breton, Sylvain"]
[Result "1-0"]
[ECO "A48"]
[WhiteElo "1529"]
[BlackElo "1255"]
[WhiteFideId "-1"]
[WhiteFideId "-1"]
[PlyCount "61"]
[GameId "2142279855272936"]
[EventDate "2025.01.13"]
[EventType "swiss"]
[EventRounds "5"]
[EventCountry "CAN"]
[TimeControl "5400+30"]

1. d4 g6 2. Bf4 Bg7 3. e3 Nf6 4. Nf3 O-O 5. Nbd2 d6 6. c3 Nc6 7. Bd3 Nh5 8. Bg3 Bg4 9. Qc2 Re8 10. O-O e5 11. Bh4 Bf6 12. Bxf6 Qxf6 13. Rfe1 d5 14. dxe5 Nxe5 15. Nxe5 Rxe5 16. f3 Bd7 17. f4 Re7 18. Nf3 Rae8 19. Ne5 Nxf4 20. Nxd7 Qc6 21. Rf1 Nxd3 22. Nf6+ Kg7 23. Nxe8+ Qxe8 24. Qxd3 Rxe3 25. Qxd5 c6 26. Qd4+ f6 27. Qxf6+ Kg8 28. Rad1 Re2 29. Rd8 Qxd8 30. Qxd8+ Kg7 31. Qf8# 1-0

[Event "Ste-Foy 3 2024-25"]
[Site "Sainte-Foy CAN"]
[Date "2025.01.27"]
[Round "3"]
[White "Vallee, Maxime"]
[Black "Laurendeau, Alfred"]
[Result "1/2-1/2"]
[ECO "B01"]
[WhiteElo "1276"]
[BlackElo "1544"]
[WhiteFideId "-1"]
[WhiteFideId "-1"]
[PlyCount "128"]
[GameId "2142279855272940"]
[EventDate "2025.01.13"]
[EventType "swiss"]
[EventRounds "5"]
[EventCountry "CAN"]
[TimeControl "5400+30"]

1. e4 d5 2. exd5 Qxd5 3. Nc3 Qd8 4. Nf3 Nf6 5. g3 Bg4 6. h3 Bxf3 7. Qxf3 c6 8. d3 e6 9. Bg5 Nbd7 10. O-O-O h6 11. Be3 Bb4 12. Ne4 Nd5 13. a3 Nxe3 14. fxe3 Be7 15. Be2 Qc7 16. h4 Nf6 17. Rhf1 O-O 18. d4 Nxe4 19. Qxe4 Qxg3 20. Bd3 Qg6 21. Qe5 f5 22. Rg1 Qf6 23. Qc7 Rab8 24. h5 Qf7 25. Rg6 Bg5 26. Qg3 f4 27. Qh3 fxe3 28. Kb1 e2 29. Bxe2 Qe7 30. Rxe6 Qc7 31. Bc4 Kh8 32. Bd3 Rbe8 33. Qf5 g6 34. Qxg6 Rxe6 35. Qxe6 Rf6 36. Qe8+ Kg7 37. Re1 Rd6 38. Qe5+ Bf6 39. Qg3+ Kf8 40. Bh7 Bg5 41. Bg6 Kg7 42. Re8 Qd7 43. Qe5+ Bf6 44. Qg3 Bg5 45. c3 c5 46. Qf2 Bf6 47. dxc5 Rd1+ 48. Kc2 Qa4+ 49. b3 Qd7 50. Re7+ Qxe7 51. Kxd1 Bxc3 52. Kc2 Qf6 53. Qxf6+ Bxf6 54. Kd3 Kf8 55. Ke4 Ke7 56. Kd5 Kd7 57. a4 Kc7 58. b4 a6 59. Be8 Bc3 60. b5 axb5 61. axb5 b6 62. Bc6 Bb4 63. cxb6+ Kxb6 64. Ke6 Bd2 1/2-1/2

[Event "Ste-Foy 3 2024-25"]
[Site "Sainte-Foy CAN"]
[Date "2025.02.03"]
[Round "4"]
[White "Bergeron, Cedric"]
[Black "Boudreault, Alexandre"]
[Result "1-0"]
[ECO "C54"]
[WhiteElo "1160"]
[BlackElo "1145"]
[WhiteFideId "-1"]
[WhiteFideId "-1"]
[PlyCount "65"]
[GameId "2142279855272946"]
[EventDate "2025.01.13"]
[EventType "swiss"]
[EventRounds "5"]
[EventCountry "CAN"]
[TimeControl "5400+30"]

1. e4 e5 2. Nf3 Nc6 3. Bc4 Bc5 4. c3 Nf6 5. d4 exd4 6. cxd4 Bb4+ 7. Nc3 O-O 8. O-O Bxc3 9. bxc3 Nxe4 10. Qc2 d5 11. Bd3 Nf6 12. Re1 Bg4 13. Ne5 Bd7 14. Bg5 Be6 15. Re3 h6 16. Bxf6 Qxf6 17. Rf3 Qe7 18. Qd2 Nxe5 19. dxe5 c6 20. Rg3 Kh8 21. Re1 Qd7 22. Ree3 Bf5 23. Bxf5 Qxf5 24. Qb2 Qd7 25. Rd3 Qc7 26. c4 dxc4 27. Rxg7 Rg8 28. Rdg3 Rxg7 29. e6 Rag8 30. Qf6 fxe6 31. Qxh6+ Rh7 32. Qf6+ Rhg7 33. Rh3# 1-0

[Event "Ste-Foy 3 2024-25"]
[Site "Sainte-Foy CAN"]
[Date "2025.02.03"]
[Round "4"]
[White "Blais, Pierre-Luc"]
[Black "Vallee, Maxime"]
[Result "1-0"]
[ECO "A40"]
[WhiteElo "1431"]
[BlackElo "1276"]
[WhiteFideId "-1"]
[WhiteFideId "-1"]
[PlyCount "71"]
[GameId "2142279855272948"]
[EventDate "2025.01.13"]
[EventType "swiss"]
[EventRounds "5"]
[EventCountry "CAN"]
[TimeControl "5400+30"]

1. d4 e5 2. dxe5 d6 3. e3 Nc6 4. Nf3 Bg4 5. Be2 Qd7 6. exd6 Bxd6 7. O-O O-O-O 8. b3 h5 9. Bb2 f6 10. Nc3 Qf5 11. Bd3 Qc5 12. Ne4 Qb6 13. Nxd6+ Rxd6 14. h3 Bd7 15. a3 Nge7 16. Nd2 Be6 17. Qe2 Ne5 18. Bxe5 fxe5 19. Qf3 Bd5 20. e4 Rf6 21. Qg3 Rg6 22. Qxe5 Be6 23. Nc4 Qc6 24. Kh2 Nf5 25. f3 Ne7 26. Ne3 Qd7 27. Bc4 Bxh3 28. gxh3 Qd2+ 29. Kh1 Qxe3 30. Qxe7 Rg3 31. Rad1 Qg5 32. Be6+ Kb8 33. Qxg5 Rxg5 34. Rg1 Rc5 35. c4 a6 36. Rxg7 1-0

[Event "Ste-Foy 3 2024-25"]
[Site "Sainte-Foy CAN"]
[Date "2025.02.03"]
[Round "4"]
[White "Pepin, Pierre-Luc"]
[Black "Soucy, Mathieu"]
[Result "0-1"]
[ECO "A52"]
[WhiteElo "1138"]
[BlackElo "1290"]
[WhiteFideId "-1"]
[WhiteFideId "-1"]
[PlyCount "24"]
[GameId "2142279855272947"]
[EventDate "2025.01.13"]
[EventType "swiss"]
[EventRounds "5"]
[EventCountry "CAN"]
[TimeControl "5400+30"]

1. d4 Nf6 2. c4 e5 3. dxe5 Ng4 4. f4 Bc5 5. Nh3 d6 6. exd6 cxd6 7. Qd5 Nf6 8. Qf3 Nc6 9. Nf2 Nd4 10. Qe3+ Be6 11. Qc3 O-O 12. Be3 Bb4 0-1

[Event "Ste-Foy 3 2024-25"]
[Site "Sainte-Foy CAN"]
[Date "2025.02.03"]
[Round "4"]
[White "Soubeyrand, Maxence"]
[Black "Lebel, Michel"]
[Result "1-0"]
[ECO "D02"]
[WhiteElo "1044"]
[BlackElo "1111"]
[WhiteFideId "-1"]
[WhiteFideId "-1"]
[PlyCount "133"]
[GameId "2142279855272944"]
[EventDate "2025.01.13"]
[EventType "swiss"]
[EventRounds "5"]
[EventCountry "CAN"]
[TimeControl "5400+30"]

1. d4 e6 2. Bf4 Nf6 3. e3 a6 4. Nf3 d5 5. c3 Nc6 6. Nbd2 Bd6 7. Bxd6 Qxd6 8. h3 h6 9. Bd3 Bd7 10. O-O O-O-O 11. c4 Nb4 12. Be2 Rde8 13. cxd5 exd5 14. a3 Nc6 15. b4 Na7 16. Qb3 Bb5 17. Bxb5 Nxb5 18. a4 Na7 19. b5 a5 20. b6 Qxb6 21. Qxb6 cxb6 22. Rfc1+ Nc6 23. Ne5 Re6 24. Nxf7 Rf8 25. Ne5 Nd7 26. Ndf3 Kd8 27. Nxd7 Kxd7 28. Rc3 g5 29. Rb1 Kc7 30. Ne5 Ref6 31. Nd3 h5 32. Rcb3 Nb4 33. Nxb4 axb4 34. R1b2 g4 35. hxg4 hxg4 36. g3 Rc6 37. Rb1 Rc4 38. Rxb4 Rxb4 39. Rxb4 Ra8 40. Kg2 Kc6 41. f3 gxf3+ 42. Kxf3 Rh8 43. g4 Rh3+ 44. Kf4 Rh1 45. Kf5 Re1 46. g5 Rxe3 47. g6 Rf3+ 48. Kg5 Rg3+ 49. Kh6 Rh3+ 50. Kg7 Rg3 51. Rb2 Rg4 52. Rf2 b5 53. axb5+ Kxb5 54. Rf6 Kc4 55. Kf7 Kxd4 56. Rb6 Rf4+ 57. Kg7 Ke5 58. Rxb7 Kf5 59. Rf7+ Kg5 60. Rxf4 Kxf4 61. Kf6 d4 62. g7 d3 63. g8=Q Ke3 64. Qe6+ Kd4 65. Qe1 Kc4 66. Qd2 Kd4 67. Kf5 1-0